 Dungeon Crawl Stone Soup version 0.29.1-15-g9cfb28693d (webtiles) character file.

Game seed: 13046536061158632698

20570 BuddhaDhamma the Bludgeoner (level 12, -5/135 HPs)
             Began as a Minotaur Berserker on Mar 1, 2023.
             Was a High Priest of Trog.
             Slain by a vampire knight
             ... wielding a +0 great sword
              (6 damage)
             ... on level 13 of the Dungeon.
             The game lasted 00:26:53 (15521 turns).

BuddhaDhamma the Bludgeoner (Minotaur Berserker)   Turns: 15521, Time: 00:26:53

Health: -5/135     AC: 15    Str: 35    XL:     12   Next: 46%
Magic:  11/11      EV: 12    Int:  4    God:    Trog [*****.]
Gold:   678        SH:  0    Dex:  9    Spells: 11/11 levels left

rFire   + . .      SeeInvis .   x - +9 hammer of Weall {flame, rC- rN+++ Str+9 Dex-2}
rCold   . . .      Faith    .   (no shield)
rNeg    + + +      Spirit   .   z - +0 plate armour
rPois   .          Reflect  .   (helmet restricted)
rElec   .          Harm     .   y - scarf {rC+ rF+}
rCorr   .          Rampage  .   q - +0 pair of gloves
Will    .....                   l - +2 pair of boots
Stlth   ..........              (no amulet)
HPRegen 0.32/turn               e - +4 ring of evasion
MPRegen 0.12/turn               (no ring)

@: berserking, slowed
A: horns 2, retaliatory headbutt
a: Renounce Religion, Berserk, Trog's Hand, Brothers in Arms


You were on level 13 of the Dungeon.
You worshipped Trog.
Trog was extremely pleased with you.
You visited 1 branch of the dungeon, and saw 13 of its levels.

You collected 678 gold pieces.

Inventory:

Hand Weapons
 x - the +9 hammer of Weall (weapon) {flame, rC- rN+++ Str+9 Dex-2}
   (You found it on level 5 of the Dungeon)

   It burns those it strikes, dealing additional fire damage.
   Str:       It affects your strength (+9).
   Dex:       It affects your dexterity (-2).
   rC:        It makes you vulnerable to cold.
   rN:        It renders you almost immune to negative energy.
Missiles
 f - 3 atropa-tipped darts
 i - 16 boomerangs (quivered)
 r - 2 throwing nets
Armour
 l - a +2 pair of boots (worn)
 o - a +1 cloak
 q - a +0 pair of gloves (worn)
 y - a scarf of resistance (worn)
 z - a +0 plate armour (worn)
Jewellery
 e - a +4 ring of evasion (left hand)
 D - a ring of willpower
Wands
 g - a wand of flame (42)
 v - a wand of mindburst (12)
 A - a wand of iceblast (13)
 E - a wand of acid (4)
 H - a wand of polymorph (3)
Scrolls
 c - 5 scrolls of fear
 d - a scroll of enchant weapon
 m - a scroll of silence
 n - 3 scrolls of teleportation
 t - a scroll of magic mapping
 w - a scroll of butterflies
Potions
 a - 5 potions of might
 b - 3 potions of curing
 h - 3 potions of flight
 j - 3 potions of heal wounds
 k - a potion of invisibility {unknown}
 p - 3 potions of cancellation
 u - a potion of ambrosia {unknown}
 F - 2 potions of berserk rage {unknown}
 G - a potion of lignification {unknown}


   Skills:
 - Level 3.6 Fighting
 - Level 14.0(18.7) Axes
 + Level 20.1(21.6) Maces & Flails
 - Level 2.4 Armour
 - Level 2.1 Dodging


You had 11 spell levels left.
You didn't know any spells.
Your spell library was empty.

Dungeon Overview and Level Annotations

Branches:
Dungeon (13/15)            Temple (0/1) D:6            Lair (0/5) D:9
    Orc (0/2) D:10
 Vaults: D:13-14

Altars:
Ashenzari
Gozag
Nemelex Xobeh
Sif Muna
Xom

Shops:
D:5 (   D:10 ![:


Innate Abilities, Weirdness & Mutations

You have a pair of horns on your head.
You reflexively headbutt those who attack you in melee.


Message History

The vampire knight seems to speed up.
The freezing wraith closely misses you. You furiously retaliate!
You headbutt the freezing wraith, but do no damage.
The freezing wraith barely misses you.
A red film seems to cover your vision as you go berserk!
You feel yourself moving faster!
You feel mighty!
The vampire knight mumbles some strange words.
The vampire knight flickers and vanishes!
Deactivating autopickup; reactivate with Ctrl-A.
The freezing wraith hits you but does no damage.
The freezing wraith hits you.
You sock the freezing wraith! You burn the freezing wraith.
The freezing wraith is moderately damaged.
The freezing wraith hits you but does no damage.
The freezing wraith hits you. The freezing wraith drains your vigour!
You feel yourself slow down.
You sock the freezing wraith! You burn the freezing wraith.
The freezing wraith is heavily damaged.
Something hits you. Something bites you but does no damage. Something hits you.
Something bites you.
You sock the freezing wraith! You burn the freezing wraith.
The freezing wraith is almost destroyed.
You hear an angry buzzing noise.
The freezing wraith hits you. The freezing wraith freezes you!!
The freezing wraith misses you. Something hits you!! Something bites you.
You bludgeon the freezing wraith!! You burn the freezing wraith.
You destroy the freezing wraith!
Trog accepts your kill. Something hits you!!
* * * LOW HITPOINT WARNING * * *
Something bites you.
* * * LOW HITPOINT WARNING * * *
You bludgeon the eight-headed hydra!! You burn the eight-headed hydra!
Your headbutt misses the eight-headed hydra.
The eight-headed hydra is heavily wounded.
You hear an angry buzzing noise.
Something hits you!!
* * * LOW HITPOINT WARNING * * *
Something bites you.
You die...

# # # # # # #.###
#### ♣## #.c.
♣♣..♣ ..
##$OQ##♣.♣.♣ .♣
#$!BJD@.♣♣.♣♣♣♣.♣
##[9R##♣♣.♣♣.♣.♣
#.°☼ ♣...♣..♣
#.###
#####♣.♣###### #
♣♣....♣.♣.....♣#
#♣....♣.♣.♣.....#
#.....♣♣♣♣♣†....#
#♣....♣.♣.♣)...♣#
♣♣....♣.♣)...♣♣#


You could see a boulder beetle, an eight-headed hydra, a slime creature, a tengu
warrior, a centaur warrior, a two-headed ogre, an efreet and a gargoyle.

Vanquished Creatures
  Snorg (D:13)
  Harold (D:9)
  A boulder beetle (shapeshifter) (D:13)
  2 boulder beetles
  A centaur warrior (D:13)
  4 two-headed ogres
  A deep elf pyromancer (D:13)
  An ugly thing (D:12)
  4 cyclopes
  Maurice (D:8)
  Joseph (D:8)
  A freezing wraith (D:13)
  2 kobold demonologists (D:12)
  A komodo dragon (D:9)
  4 trolls
  A hornet (D:10)
  Prince Ribbit (D:5)
  2 slime creatures (D:13)
  Grinder (D:5)
  Sigmund (D:3)
  2 wraiths (D:10)
  2 vampires
  4 wyverns
  10 yaks
  2 steam dragons (D:6)
  10 vampire mosquitoes
  Edmund (D:6)
  Menkaure (D:6)
  Duvessa (D:4)
  2 water moccasins
  An ice beast (D:6)
  5 black bears
  5 orc warriors
  A sky beast (D:8)
  3 centaurs
  An ogre (D:5)
  3 phantoms (D:6)
  3 kobold brigands
  2 scorpions (D:6)
  A necrophage (D:5)
  2 bullfrogs
  Dowan (D:4)
  6 killer bees (D:11)
  6 howler monkeys
  7 hounds
  A jelly (D:6)
  10 orc priests
  Crazy Yiuf (D:5)
  8 iguanas
  10 orc wizards
  8 adders
  A gnoll (D:5)
  A shadow imp (D:6)
  3 ufetubi
  4 worms
  4 dart slugs
  33 orcs
  9 endoplasms
  5 giant cockroaches
  6 goblins
  10 hobgoblins
  4 jackals
  21 kobolds
  4 quokkas
  13 ball pythons
  4 bats
  6 frilled lizards
  5 rats
285 creatures vanquished.

Vanquished Creatures (others)
  An orc (D:6)
  14 fungi (D:9)
  15 plants (D:9)
30 creatures vanquished.

Grand Total: 315 creatures vanquished

Notes
Turn   | Place    | Note
-------+----------+-------------------------------------------
     0 | D:1      | BuddhaDhamma the Minotaur Berserker began the quest for the
                  | Orb.
     0 | D:1      | Reached XP level 1. HP: 19/19 MP: 0/0
   233 | D:1      | Reached XP level 2. HP: 12/26 MP: 1/1
   800 | D:1      | Reached ** piety under Trog
   817 | D:1      | Found a faded altar of an unknown god.
   940 | D:1      | Reached skill level 5 in Axes
  1075 | D:2      | Reached XP level 3. HP: 30/31 MP: 2/2
  1643 | D:2      | Found a shimmering blue altar of Sif Muna.
  1948 | D:3      | Reached XP level 4. HP: 39/39 MP: 3/3
  2545 | D:3      | Noticed Sigmund
  2571 | D:3      | Killed Sigmund
  2572 | D:3      | Reached XP level 5. HP: 12/45 MP: 4/4
  2572 | D:3      | Reached XP level 6. HP: 14/51 MP: 5/5
  2885 | D:3      | Reached *** piety under Trog
  3642 | D:4      | Noticed Dowan
  3652 | D:4      | Noticed Duvessa
  3660 | D:4      | Killed Dowan
  3661 | D:4      | Killed Duvessa
  3662 | D:4      | Reached XP level 7. HP: 57/57 MP: 6/6
  4540 | D:5      | Entered Level 5 of the Dungeon
  4563 | D:5      | HP: 1/57 [ogre/+0 giant club (35)]
  4565 | D:5      | Reached skill level 10 in Axes
  4901 | D:5      | Noticed a two-headed ogre
  4911 | D:5      | Killed a two-headed ogre
  4912 | D:5      | Reached XP level 8. HP: 64/64 MP: 7/7
  5132 | D:5      | Found a runed translucent door.
  5133 | D:5      | Noticed Crazy Yiuf
  5133 | D:5      | Noticed Prince Ribbit
  5291 | D:5      | Found Hekego's Weapon Shoppe.
  5452 | D:5      | Noticed Grinder
  5457 | D:5      | Killed Grinder
  5737 | D:5      | Killed Crazy Yiuf
  5757 | D:5      | Killed Prince Ribbit
  5772 | D:5      | Identified the +9 hammer of Weall {flame, rC- rN+++ Str+9
                  | Dex-2}
  5928 | D:6      | Reached skill level 1 in Maces & Flails
  5961 | D:6      | Reached skill level 2 in Maces & Flails
  6067 | D:6      | Reached XP level 9. HP: 70/70 MP: 8/8
  6073 | D:6      | Reached skill level 3 in Maces & Flails
  6074 | D:6      | Reached **** piety under Trog
  6081 | D:6      | Reached skill level 4 in Maces & Flails
  6353 | D:6      | Reached skill level 5 in Maces & Flails
  6611 | D:6      | Found a staircase to the Ecumenical Temple.
  6767 | D:6      | Reached skill level 6 in Maces & Flails
  6978 | D:6      | Reached skill level 7 in Maces & Flails
  7150 | D:6      | Noticed Edmund
  7160 | D:6      | Killed Edmund
  7161 | D:6      | Reached skill level 8 in Maces & Flails
  7203 | D:6      | Noticed Menkaure
  7207 | D:6      | Killed Menkaure
  7881 | D:7      | Reached skill level 9 in Maces & Flails
  7902 | D:7      | Reached skill level 10 in Maces & Flails
  7905 | D:7      | Reached XP level 10. HP: 62/77 MP: 9/9
  8675 | D:8      | Noticed Maurice
  8689 | D:8      | Killed Maurice
  8690 | D:8      | Reached skill level 11 in Maces & Flails
  9010 | D:8      | Noticed a two-headed ogre
  9018 | D:8      | Killed a two-headed ogre
  9019 | D:8      | Reached skill level 12 in Maces & Flails
  9168 | D:8      | Noticed Joseph
  9190 | D:8      | Killed Joseph
  9657 | D:8      | Found a shimmering blue altar of Sif Muna.
  9657 | D:8      | Found a sparkling altar of Nemelex Xobeh.
  9658 | D:8      | Found a broken altar of Ashenzari.
  9744 | D:8      | Found an opulent altar of Gozag.
  9824 | D:8      | Reached skill level 13 in Maces & Flails
 10256 | D:9      | Reached skill level 14 in Maces & Flails
 10257 | D:9      | Found a staircase to the Lair.
 10266 | D:9      | Found a shimmering altar of Xom.
 10312 | D:9      | Noticed a two-headed ogre
 10319 | D:9      | Killed a two-headed ogre
 10320 | D:9      | Reached XP level 11. HP: 52/82 MP: 10/10
 10651 | D:9      | Noticed Harold
 10668 | D:9      | Killed Harold
 10669 | D:9      | Reached skill level 15 in Maces & Flails
 11180 | D:10     | Entered Level 10 of the Dungeon
 11180 | D:10     | Found Isoidymo's Book Shoppe.
 11193 | D:10     | Found Kihegogi's Armour Boutique.
 11461 | D:10     | Found a staircase to the Orcish Mines.
 11657 | D:10     | Reached ***** piety under Trog
 11910 | D:10     | Found Bul Hueq's Distillery.
 11913 | D:10     | Reached skill level 16 in Maces & Flails
 12722 | D:11     | Reached skill level 17 in Maces & Flails
 13013 | D:11     | Identified the +7 hand axe of Ghostly Duty {vorpal, +Blink
                  | rPois rC- Int+5}
 13679 | D:12     | Noticed a two-headed ogre
 13687 | D:12     | Killed a two-headed ogre
 13688 | D:12     | Reached skill level 18 in Maces & Flails
 13766 | D:12     | Noticed a boulder beetle
 13782 | D:12     | Killed a boulder beetle
 14117 | D:12     | Found a broken altar of Ashenzari.
 14424 | D:12     | Noticed a purple ugly thing
 14475 | D:12     | Killed a purple ugly thing
 14476 | D:12     | Reached XP level 12. HP: 90/90 MP: 11/11
 14999 | D:13     | Noticed a boulder beetle
 15007 | D:13     | Killed a boulder beetle
 15008 | D:13     | Reached skill level 19 in Maces & Flails
 15122 | D:13     | Noticed Snorg
 15131 | D:13     | Killed Snorg
 15255 | D:13     | Noticed a centaur warrior
 15258 | D:13     | Killed a centaur warrior
 15290 | D:13     | Noticed a boulder beetle
 15297 | D:13     | Killed a boulder beetle
 15385 | D:13     | Reached skill level 20 in Maces & Flails
 15510 | D:13     | Noticed a two-headed ogre
 15510 | D:13     | Noticed an eight-headed hydra
 15510 | D:13     | Noticed a vampire knight
 15510 | D:13     | Noticed a boulder beetle
 15510 | D:13     | Noticed a tengu warrior
 15513 | D:13     | Noticed a centaur warrior
 15521 | D:13     | HP: 1/135 [something (27)]
 15521 | D:13     | Slain by a vampire knight

Illustrated notes

Levels and vault maps discovered:
D:1:      eino_arrival_druids_welcome, layout_basic,
          shapermc_ecumenical_altar_pompeii
D:2:      layout_basic, basic_altar
D:3:      layout_basic, hangedman_feature_mirror, uniq_sigmund
D:4:      layout_gridville, minmay_cut_off, uniq_duvessa
D:5:      layout_loops_ring, serial_shops, nicolae_take_the_stairs,
          minmay_circle_x, uniq_grinder, uniq_crazy_yiuf_cottage,
          uniq_prince_ribbit1
D:6:      minmay_spotlight, layout_layer_cave, minmay_temple_entry_large_hall,
          grunt_ministairs_12, uniq_edmund, uniq_menkaure
D:7:      layout_loops_ring
D:8:      layout_gridville, nicolae_overflow_quartered_altars, uniq_maurice,
          uniq_joseph
D:9:      layout_roguey, mainiacjoe_overflow_alcove_1,
          due_lair_maze_entry_diamond, uniq_harold
D:10:     layout_roguey, erik_orc_4, serial_shops, shop_statue,
          nicolae_shop_trees, shop, kennysheep_cross_bottleneck
D:11:     layout_roguey, nzn_life_drinkers
D:12:     layout_loops_ring, cheibrodos_ashenzari_chains
D:13:     nzn_winding_woodlands_three_and_one
          [nzn_winding_woodlands_5x15_parted, nzn_winding_woodlands_5x15_jagged,
          nzn_winding_woodlands_5x15_river_crossing,
          nzn_winding_woodlands_center_pierced_h], layout_basic, uniq_snorg

Skill      XL: |  1  2  3  4  5  6  7  8  9 10 11 12 |
---------------+-------------------------------------+-----
Axes           | 4 5 8 9 12 14 | 14.0
Maces & Flails | 2 10 14 18 20 | 20.1
Fighting       | |  3.6
Armour         | |  2.4
Dodging        | |  2.1

Action                   |  1- 3 |  4- 6 |  7- 9 | 10-12 || total
-------------------------+-------+-------+-------+-------++-------
Melee: Hand axe          |    81 |     2 |       |       ||    83
       Headbutt          |     9 |    12 |    18 |    59 ||    98
       Punch             |     2 |     2 |       |     2 ||     6
       War axe           |       |    85 |    71 |       ||   156
       Mace              |       |       |    65 |   347 ||   412
Throw: Boomerang         |    10 |    26 |    13 |    16 ||    65
       Dart              |       |     6 |     3 |     5 ||    14
Invok: Berserk           |     1 |     2 |     2 |     9 ||    14
  Use: Scroll            |     4 |     3 |     8 |     7 ||    22
       Potion            |       |       |     1 |     5 ||     6
Armor: Animal skin       |     5 |       |       |       ||     5
       Leather armour    |    15 |    14 |       |       ||    29
       Scale mail        |       |       |    24 |       ||    24
       Chain mail        |       |       |     5 |    18 ||    23
       Plate armour      |       |       |       |   129 ||   129
Dodge: Dodged            |    59 |    86 |    84 |   183 ||   412
